 Dungeon Crawl Stone Soup version 0.30-a0-141-g30f27751c5 (webtiles) character file.

Game seed: 11678657874083170092

144 qw the Chopper (level 5, 0/32 HPs)
             Began as a Gargoyle Fighter on Sept 25, 2022.
             Slain by a gnoll
             ... wielding a +0 whip
              (5 damage)
             ... on level 3 of the Dungeon.
             The game lasted 00:00:47 (1922 turns).

qw the Chopper (Gargoyle Fighter)                   Turns: 1922, Time: 00:00:48

Health: 0/32       AC: 10    Str: 21    XL:     5   Next: 26%
Magic:  0/5        EV:  9    Int:  9    God:
Gold:   143        SH:  4    Dex:  9    Spells: 4/4 levels left

rFire   . . .      SeeInvis .    Y - +0 broad axe
rCold   . . .      Faith    .    c - +0 buckler
rNeg    + . .      Spirit   +    b - +0 scale mail
rPois   inf        Reflect  .    (no helmet)
rElec   +          Harm     .    (no cloak)
rCorr   .          Rampage  .    (no gloves)
Will    .....                    (no boots)
Stlth   ..........               f - amulet of guardian spirit
HPRegen 0.10/turn                (no ring)
MPRegen 0.09/turn                (no ring)

@: about to teleport
A: sickness immunity, AC +4, negative energy resistance 1, electricity
resistance, torment resistance 1, petrification resistance
a: no special abilities


You were on level 3 of the Dungeon.
You visited 1 branch of the dungeon, and saw 3 of its levels.

You collected 143 gold pieces.


Innate Abilities, Weirdness & Mutations

You are immune to sickness and miasma.
Your stone body is resilient. (AC +4)
You are immune to poison.
You resist negative energy. (rN+)
You are resistant to electric shocks. (rElec)
You are resistant to unholy torment.
You are immune to petrification.


   Skills:
 - Level 3.2 Fighting
 + Level 4.8 Axes
 - Level 3.2 Armour
 - Level 3.2 Shields


You had 4 spell levels left.
You didn't know any spells.
Your spell library was empty.

Inventory:

Hand Weapons
 a - a +0 mace
 Y - a +0 broad axe (weapon)
Armour
 b - a +0 scale mail (worn)
 c - a +0 buckler (worn)
Jewellery
 f - an amulet of guardian spirit (around neck)
Scrolls
 h - a scroll of identify
Potions
 d - 2 potions of might
 e - 2 potions of curing
 k - a potion of berserk rage {unknown}

Dungeon Overview and Level Annotations

Branches:
Dungeon (3/15)

Altars:


Message History

The gnoll hits you but does no damage. The necrophage hits you.
You slash the necrophage!
You destroy the necrophage!
You closely miss the gnoll. You block the gnoll's attack.
The gnoll hits you but does no damage. x2
You have reached level 5!
You barely miss the gnoll. You closely miss the gnoll.
The gnoll hits you with a +0 whip. The gnoll barely misses you.
You closely miss the gnoll. You hit the gnoll.
The gnoll hits you with a +0 whip. The gnoll closely misses you.
The gnoll hits you with a +0 whip. The gnoll hits you with a +0 flail.
You hit the gnoll but do no damage.
The gnoll is moderately wounded.
You closely miss the gnoll. The gnoll barely misses you.
You slash the gnoll!
You kill the gnoll!
You closely miss the gnoll. You hit the gnoll. You block the gnoll's attack.
The gnoll hits you but does no damage.
You hit the gnoll.
The gnoll is heavily wounded.
You barely miss the gnoll. The gnoll hits you but does no damage.
The gnoll hits you with a +0 whip. x2
The gnoll closely misses you. You block the gnoll's attack.
1920 ||| READING scroll of teleportation.
As you read the scroll of teleportation, it crumbles to dust.
You feel strangely unstable. The gnoll barely misses you.
The gnoll hits you but does no damage. You block the gnoll's attack.
You hit the gnoll.
The gnoll is almost dead.
You hit the gnoll. You barely miss the gnoll. The gnoll closely misses you.
The gnoll hits you but does no damage. The gnoll barely misses you.
You barely miss the gnoll.
The gnoll is almost dead.
You barely miss the gnoll. You closely miss the gnoll.
The gnoll hits you with a +0 club. You block the gnoll's attack.
The gnoll hits you but does no damage. x2; The gnoll hits you with a +0 whip.
You die...

#######..
....... ......
.... ... . #.#
... #.###.....
.#.####gg%...#
......g@####....
...###### .


You could see 3 gnolls.

Vanquished Creatures
  A necrophage (D:3)
  3 adders (D:2)
  A gnoll (D:3)
  2 worms (D:2)
  2 dart slugs (D:1)
  A ball python (D:1)
  6 bats
  An endoplasm (D:2)
  A giant cockroach (D:1)
  3 goblins (D:1)
  4 hobgoblins
  4 quokkas
  3 frilled lizards
  4 kobolds
  6 rats
42 creatures vanquished.

Notes
Turn   | Place    | Note
-------+----------+-------------------------------------------
     0 | D:1      | qw the Gargoyle Fighter began the quest for the Orb.
     0 | D:1      | Reached XP level 1. HP: 14/14 MP: 1/1
     0 | D:1      | 0 ||| qw: Version: 0.2-a-10-g399e6c4
     0 | D:1      | 0 ||| qw: Game counter: 185
     0 | D:1      | 0 ||| qw: Always use a shield: true
     0 | D:1      | 0 ||| qw: God list: Okawaru
     0 | D:1      | 0 ||| qw: Allow faded altars: false
     0 | D:1      | 0 ||| qw: Do Orc after D:15 true
     0 | D:1      | 0 ||| qw: Do second Lair branch before Depths: true
     0 | D:1      | 0 ||| qw: Lair rune preference: random
     0 | D:1      | 0 ||| qw: Plans: Normal, Zot:1-4, God:TSO, Crypt, Tomb,
                  | Pan, Slime:5, Hells, Abyss, Orb
     0 | D:1      | 0 ||| PLANNING D:1-11
    13 | D:1      | 13 ||| Stepping ~*~*~tactically~*~*~ (hiding).
    26 | D:1      | Reached skill level 2 in Axes
   223 | D:1      | Reached XP level 2. HP: 19/19 MP: 2/2
   337 | D:1      | 337 ||| Stepping ~*~*~tactically~*~*~ (stealth).
   489 | D:1      | Found a faded altar of an unknown god.
   543 | D:1      | 543 ||| Stepping ~*~*~tactically~*~*~ (stealth).
   550 | D:1      | Reached skill level 3 in Axes
   604 | D:1      | 604 ||| DROPPING +0 hand axe of draining.
   616 | D:1      | 616 ||| SWAPPING to +0 broad axe.
   617 | D:1      | 617 ||| DROPPING +0 war axe.
   798 | D:1      | 798 ||| DROPPING +0 club.
   813 | D:1      | Reached XP level 3. HP: 23/23 MP: 3/3
  1140 | D:1      | 1140 ||| UPGRADING to amulet of guardian spirit.
  1145 | D:1      | 1145 ||| READING scroll labelled GUGAADGHAID.
  1149 | D:1      | 1149 ||| READING scroll labelled QUACKU UQUB.
  1150 | D:1      | 1150 ||| DRINKING 2 purple potions.
  1166 | D:2      | 1166 ||| STAIRDANCE
  1459 | D:2      | 1459 ||| Stepping ~*~*~tactically~*~*~ (stealth).
  1469 | D:2      | Reached XP level 4. HP: 27/28 MP: 4/4
  1548 | D:2      | Reached skill level 4 in Axes
  1850 | D:2      | 1850 ||| READING scroll labelled HUQOIF VEEMESOXUPH.
  1851 | D:2      | 1851 ||| READING 3 scrolls of identify.
  1851 | D:2      | 1851 ||| IDENTIFYING murky blue potion
  1852 | D:2      | 1852 ||| READING 2 scrolls of identify.
  1852 | D:2      | 1852 ||| IDENTIFYING sapphire potion
  1853 | D:2      | 1853 ||| DROPPING potion of flight.
  1854 | D:2      | 1854 ||| DROPPING potion of brilliance.
  1890 | D:3      | Noticed a necrophage
  1893 | D:3      | 1893 ||| Stepping ~*~*~tactically~*~*~ (stealth).
  1909 | D:3      | 1909 ||| Stepping ~*~*~tactically~*~*~ (stealth).
  1914 | D:3      | Killed a necrophage
  1915 | D:3      | Reached XP level 5. HP: 17/32 MP: 1/5
  1919 | D:3      | HP: 5/32 [gnoll/+0 whip (4)]
  1920 | D:3      | 1920 ||| READING scroll of teleportation.
  1922 | D:3      | Slain by a gnoll

Levels and vault maps discovered:
D:1:      amcnicky_arrival_feature_with_door, layout_basic,
          ebering_ecumenical_altar_ruins, minmay_pentomino_p2
D:2:      layout_basic, grunt_ministairs_8
D:3:      minmay_angry_zag, layout_basic, serial_bayou_lagoon_a, st_stairs_4

Skill      XL: |  1  2  3  4 |
---------------+-------------+-----
Axes           | 2 3 4 |  4.8
Fighting       | |  3.2
Armour         | |  3.2
Shields        | |  3.2

Action                   |  1- 3 |  4- 6 || total
-------------------------+-------+-------++-------
Melee: War axe           |    58 |       ||    58
       Broad axe         |    63 |    47 ||   110
  Use: Scroll            |     2 |     4 ||     6
       Potion            |     1 |       ||     1
Armor: Scale mail        |    70 |    37 ||   107
Dodge: Dodged            |    49 |    20 ||    69
Block: Buckler           |    25 |    15 ||    40

Table legend:
 A = Non-vault XP
 B = Vault XP
 C = Vault XP percentage of total XP
 D = Non-vault monster count
 E = Vault monster count
 F = Vault count percentage of total count
                 A         B        C        D         E       F
            +---------+---------+-------+---------+---------+-------
      Total |     200 |       6 |   2.9 |      39 |       3 |   7.1
            +---------+---------+-------+---------+---------+-------
        D:1 |      36 |       4 |  10.0 |      19 |       2 |   9.5
        D:2 |      65 |       2 |   3.0 |      17 |       1 |   5.6
        D:3 |      99 |       0 |   0.0 |       3 |       0 |   0.0
            +---------+---------+-------+---------+---------+-------
